3AAA
HAMILTON COYOTES @ TORTOLITA DRUMMERS
07/30/2033
 
TOP OF THE 1ST
Hamilton Coyotes batting - Pitching for Tortolita Drummers : LHP César Vásquez
Pitching: LHP César Vásquez
Batting: RHB Warren Martin 0-0: Called Strike
0-1: Foul Ball, location: 2F
0-2: Strikes out swinging
Batting: RHB Ernest Daniels 0-0: Ball
1-0: Called Strike
1-1: Ball
2-1: Ground out 5-3 (Groundball, 56S)
Batting: RHB Elia Amberezzio 0-0: Called Strike
0-1: Called Strike
0-2: Ground out 2-3 (Groundball, 15S)
Top of the 1st over - 0 runs, 0 hits, 0 errors, 0 left on base; Hamilton 0 - Tortolita 0
BOTTOM OF THE 1ST
Tortolita Drummers batting - Pitching for Hamilton Coyotes : RHP Chris Kuhn
Pitching: RHP Chris Kuhn
Batting: RHB Lu-fang Koo 0-0: Called Strike
0-1: Swinging Strike
0-2: Ground out 5-3 (Groundball, 56S)
Batting: RHB Keiran Calleson 0-0: Called Strike
0-1: Called Strike
0-2: Foul Ball, location: 2F
0-2: Ball
1-2: Ball
2-2: Fly out, F8 (Flyball, 8RM)
Batting: RHB Tomás Costello 0-0: Called Strike
0-1: Ball
1-1: Ball
2-1: SINGLE (Line Drive, 8LS)
Batting: RHB Otis Brewer 0-0: Ball
1-0: Swinging Strike
1-1: Called Strike
1-2: Ball
2-2: Foul Ball, location: 2F
2-2: Strikes out swinging
Bottom of the 1st over - 0 runs, 1 hit, 0 errors, 1 left on base; Hamilton 0 - Tortolita 0
TOP OF THE 2ND
Hamilton Coyotes batting - Pitching for Tortolita Drummers : LHP César Vásquez
Batting: RHB Jim Scott 0-0: Ball
1-0: Ball
2-0: Fly out, F9 (Flyball, 9)
Batting: LHB Ed Mellor 0-0: Called Strike
0-1: Fly out, F6 (Line Drive, 6)
Batting: RHB Mike Jennings 0-0: Foul Ball, location: 2F
0-1: Foul Ball, location: 2F
0-2: Ball
1-2: Foul Ball, location: 2F
1-2: Ball
2-2: Ball
3-2: Base on Balls
Batting: LHB Scot Willis 0-0: Ball
1-0: Foul Ball, location: 2F
1-1: Swinging Strike
1-2: Strikes out swinging
Top of the 2nd over - 0 runs, 0 hits, 0 errors, 1 left on base; Hamilton 0 - Tortolita 0
BOTTOM OF THE 2ND
Tortolita Drummers batting - Pitching for Hamilton Coyotes : RHP Chris Kuhn
Batting: RHB Colby King 0-0: Ball
1-0: Ball
2-0: Foul Ball, location: 2F
2-1: Ball
3-1: Foul Ball, location: 2F
3-2: Base on Balls
Batting: RHB Ricardo Pacheco 0-0: Ball
1-0: Ball
2-0: Ball
3-0: Called Strike
3-1: Foul Ball, location: 2F
3-2: Foul Ball, location: 2F
3-2: Strikes out looking
Colby King is caught stealing 2nd base
Batter strikes out.
Batting: LHB Alberto Garza 0-0: Ball
1-0: Ball
2-0: Ball
3-0: Called Strike
3-1: SINGLE (Groundball, 4D)
Batting: LHB Cliff Aldridge 0-0: Ball
Throwing error on steal attempt, E2
Alberto Garza to third
1-0: Ground out 4-3 (Groundball, 4)
Bottom of the 2nd over - 0 runs, 1 hit, 1 error, 1 left on base; Hamilton 0 - Tortolita 0
TOP OF THE 3RD
Hamilton Coyotes batting - Pitching for Tortolita Drummers : LHP César Vásquez
Batting: SHB Martín Marrero 0-0: Called Strike
0-1: Called Strike
0-2: Ball
1-2: Ball
2-2: Ball
3-2: Ground out 6-3 (Groundball, 6)
Batting: LHB Tommy Sullivan 0-0: Swinging Strike
0-1: Swinging Strike
0-2: Foul Ball, location: 2F
0-2: Ball
1-2: Ground out 1-3 (Groundball, P)
Batting: RHB Warren Martin 0-0: Fly out, F7 (Line Drive, 78M)
Top of the 3rd over - 0 runs, 0 hits, 0 errors, 0 left on base; Hamilton 0 - Tortolita 0
BOTTOM OF THE 3RD
Tortolita Drummers batting - Pitching for Hamilton Coyotes : RHP Chris Kuhn
Batting: RHB Jim Burch 0-0: Called Strike
0-1: Fly out, F5 (Line Drive, 56)
Batting: RHB Lu-fang Koo 0-0: Bunted foul
0-1: Ball
1-1: Foul Ball, location: 2F
1-2: SINGLE (Groundball, 56S) (infield hit)
Batting: RHB Keiran Calleson 0-0: Called Strike
Lu-fang Koo steals 2nd base
0-1: Ball
1-1: Called Strike
1-2: Strikes out swinging
Batting: RHB Tomás Costello 0-0: Ground out 4-3 (Groundball, 4MD)
Bottom of the 3rd over - 0 runs, 1 hit, 0 errors, 1 left on base; Hamilton 0 - Tortolita 0
TOP OF THE 4TH
Hamilton Coyotes batting - Pitching for Tortolita Drummers : LHP César Vásquez
Batting: RHB Ernest Daniels 0-0: Ball
1-0: Swinging Strike
1-1: Called Strike
1-2: Strikes out looking
Batting: RHB Elia Amberezzio 0-0: SINGLE (Line Drive, 7S)
Batting: RHB Jim Scott 0-0: Ball
1-0: Ball
2-0: Ball
3-0: Called Strike
3-1: Called Strike
3-2: Base on Balls
Elia Amberezzio to second
Batting: LHB Ed Mellor 0-0: Called Strike
Elia Amberezzio steals 3rd base
0-1: Foul Ball, location: 2F
0-2: Foul Ball, location: 2F
0-2: Ball
1-2: Strikes out swinging
Batting: RHB Mike Jennings 0-0: Ball
1-0: Ball
2-0: Swinging Strike
2-1: Ball
3-1: Foul Ball, location: 2F
3-2: Strikes out swinging
Top of the 4th over - 0 runs, 1 hit, 0 errors, 2 left on base; Hamilton 0 - Tortolita 0
BOTTOM OF THE 4TH
Tortolita Drummers batting - Pitching for Hamilton Coyotes : RHP Chris Kuhn
Batting: RHB Otis Brewer 0-0: Called Strike
0-1: Ball
1-1: Ball
2-1: SINGLE (Flyball, 89S)
Batting: RHB Colby King 0-0: Called Strike
0-1: Ball
1-1: Foul Ball, location: 2F
1-2: SINGLE (Groundball, 6MD)
Otis Brewer to second
Batting: RHB Ricardo Pacheco 0-0: Ball
1-0: Called Strike
1-1: Ball
2-1: Foul Ball, location: 2F
2-2: Foul Ball, location: 2F
2-2: Ball
3-2: Strikes out swinging
Batting: LHB Alberto Garza 0-0: Grounds into double play, 4-6-3 (Groundball, 4)
Bottom of the 4th over - 0 runs, 2 hits, 0 errors, 1 left on base; Hamilton 0 - Tortolita 0
TOP OF THE 5TH
Hamilton Coyotes batting - Pitching for Tortolita Drummers : LHP César Vásquez
Batting: LHB Scot Willis 0-0: Ball
1-0: Ball
2-0: Called Strike
2-1: Foul Ball, location: 2F
2-2: Ball
3-2: Strikes out swinging
Batting: SHB Martín Marrero 0-0: Called Strike
0-1: Foul Ball, location: 2F
0-2: Foul Ball, location: 2F
0-2: Ball
1-2: Foul Ball, location: 2F
1-2: Foul Ball, location: 2F
1-2: Ground out 4-3 (Groundball, 4S)
Batting: LHB Tommy Sullivan 0-0: Foul Ball, location: 2F
0-1: Foul Ball, location: 2F
0-2: Ball
1-2: Foul Ball, location: 2F
1-2: Fly out, F8 (Flyball, 8RD)
Top of the 5th over - 0 runs, 0 hits, 0 errors, 0 left on base; Hamilton 0 - Tortolita 0
BOTTOM OF THE 5TH
Tortolita Drummers batting - Pitching for Hamilton Coyotes : RHP Chris Kuhn
Batting: LHB Cliff Aldridge 0-0: Fly out, F9 (Line Drive, 9D)
Batting: RHB Jim Burch 0-0: Ball
1-0: Foul Ball, location: 2F
1-1: Ball
2-1: Ball
3-1: SINGLE (Line Drive, 7LM)
Batting: RHB Lu-fang Koo 0-0: Ball
1-0: Ball
2-0: Foul Ball, location: 2F
2-1: Foul Ball, location: 2F
2-2: Foul Ball, location: 2F
2-2: Foul Ball, location: 2F
2-2: 2-RUN HOME RUN (Flyball, 9LD), Distance : 347 ft
Batting: RHB Keiran Calleson 0-0: Called Strike
0-1: Ball
1-1: Ball
2-1: Fly out, F4 (Flyball, 4D)
Batting: RHB Tomás Costello 0-0: Swinging Strike
0-1: SINGLE (Line Drive, 7S)
Pitching: LHP Francisco Jiménez
Batting: RHB Otis Brewer 0-0: Ball
1-0: Called Strike
1-1: Ball
2-1: 2-RUN HOME RUN (Line Drive, 7D), Distance : 369 ft
Batting: RHB Colby King 0-0: Swinging Strike
0-1: Ground out 1-3 (Groundball, 15)
Bottom of the 5th over - 4 runs, 4 hits, 0 errors, 0 left on base; Hamilton 0 - Tortolita 4
TOP OF THE 6TH
Hamilton Coyotes batting - Pitching for Tortolita Drummers : LHP César Vásquez
Batting: RHB Warren Martin 0-0: Ball
1-0: Ball
2-0: Ball
3-0: Called Strike
3-1: Foul Ball, location: 2F
3-2: Base on Balls
Batting: RHB Ernest Daniels 0-0: Called Strike
Warren Martin steals 2nd base
0-1: Foul Ball, location: 2F
0-2: Foul Ball, location: 2F
0-2: Strikes out swinging
Batting: RHB Elia Amberezzio 0-0: Foul Ball, location: 2F
0-1: Swinging Strike
0-2: Strikes out swinging
Batting: RHB Jim Scott 0-0: Ball
1-0: Ball
2-0: Called Strike
2-1: 2-RUN HOME RUN (Flyball, 78XD), Distance : 409 ft
Batting: LHB Ed Mellor 0-0: Called Strike
0-1: Ground out 4-3 (Groundball, 4)
Top of the 6th over - 2 runs, 1 hit, 0 errors, 0 left on base; Hamilton 2 - Tortolita 4
BOTTOM OF THE 6TH
Tortolita Drummers batting - Pitching for Hamilton Coyotes : LHP Francisco Jiménez
Batting: RHB Ricardo Pacheco 0-0: Ground out 6-3 (Groundball, 6)
Batting: LHB Alberto Garza 0-0: Ground out 4-3 (Groundball, 4)
Batting: LHB Cliff Aldridge 0-0: Called Strike
0-1: Ground out 4-3 (Groundball, 4)
Bottom of the 6th over - 0 runs, 0 hits, 0 errors, 0 left on base; Hamilton 2 - Tortolita 4
TOP OF THE 7TH
Hamilton Coyotes batting - Pitching for Tortolita Drummers : LHP César Vásquez
Batting: RHB Mike Jennings 0-0: Ball
1-0: Foul Ball, location: 2F
1-1: Foul Ball, location: 2F
1-2: Ground out 6-3 (Groundball, 6)
Pitching: RHP José Morales
Batting: LHB Scot Willis 0-0: Foul Ball, location: 2F
0-1: Foul Ball, location: 2F
0-2: Ball
1-2: SOLO HOME RUN (Flyball, 7LD), Distance : 342 ft
Batting: SHB Martín Marrero 0-0: Ball
1-0: Ball
2-0: Foul Ball, location: 2F
2-1: Foul Ball, location: 2F
2-2: Fly out, F8 (Flyball, 8LS)
Batting: LHB Tommy Sullivan 0-0: Foul Ball, location: 2F
0-1: Foul Ball, location: 2F
0-2: Strikes out swinging
Top of the 7th over - 1 run, 1 hit, 0 errors, 0 left on base; Hamilton 3 - Tortolita 4
BOTTOM OF THE 7TH
Tortolita Drummers batting - Pitching for Hamilton Coyotes : LHP Francisco Jiménez
Batting: RHB Jim Burch 0-0: Ball
1-0: Ground out 5-3 (Groundball, 56S)
Batting: RHB Lu-fang Koo 0-0: Called Strike
0-1: Ball
1-1: Foul Ball, location: 2F
1-2: SINGLE (Groundball, 6D)
Batting: RHB Keiran Calleson 0-0: Called Strike
0-1: Ball
1-1: Called Strike
1-2: Foul Ball, location: 2F
1-2: Grounds into double play, 4-6-3 (Groundball, 4)
Bottom of the 7th over - 0 runs, 1 hit, 0 errors, 0 left on base; Hamilton 3 - Tortolita 4
TOP OF THE 8TH
Hamilton Coyotes batting - Pitching for Tortolita Drummers : RHP José Morales
Now at C: Eisse Cals
Now in LF: Jeffery Campbell
Batting: RHB Warren Martin 0-0: Ball
1-0: Called Strike
1-1: Foul Ball, location: 2F
1-2: Fly out, F7 (Flyball, 7S)
Batting: RHB Ernest Daniels 0-0: Ball
1-0: Called Strike
1-1: Swinging Strike
1-2: Ball
2-2: Fly out, F8 (Flyball, 89D)
Batting: RHB Elia Amberezzio 0-0: Fly out, F3 (Popup, 3SF)
Top of the 8th over - 0 runs, 0 hits, 0 errors, 0 left on base; Hamilton 3 - Tortolita 4
BOTTOM OF THE 8TH
Tortolita Drummers batting - Pitching for Hamilton Coyotes : LHP Francisco Jiménez
Batting: RHB Tomás Costello 0-0: Called Strike
0-1: Swinging Strike
0-2: Foul Ball, location: 2F
0-2: Ground out 6-3 (Groundball, 6)
Batting: RHB Otis Brewer 0-0: Ball
1-0: Ball
2-0: Called Strike
2-1: Ball
3-1: Swinging Strike
3-2: Foul Ball, location: 2F
3-2: Base on Balls
Batting: RHB Colby King Balk!
Otis Brewer to second
0-0: Fly out, F9 (Flyball, 9S)
Batting: RHB Ricardo Pacheco 0-0: Called Strike
0-1: Swinging Strike
0-2: Ball
1-2: SINGLE (Groundball, 34D)
Otis Brewer to third
Runner from 3rd tries for Home, SAFE, no throw
Batting: LHB Alberto Garza 0-0: Ball
1-0: Ball
2-0: Foul Ball, location: 2F
2-1: Swinging Strike
2-2: Ball
3-2: Base on Balls
Ricardo Pacheco to second
Pitching: RHP Yosuke Takahashi
Batting: LHB Cliff Aldridge 0-0: Ball
1-0: Ball
2-0: SINGLE (Flyball, 9LM)
Ricardo Pacheco to third
Alberto Garza to second
Runner from 3rd tries for Home, SAFE, throw made home
Batting: RHB Eisse Cals 0-0: Called Strike
0-1: Ball
1-1: Ball
2-1: Ball
3-1: Called Strike
3-2: Foul Ball, location: 2F
3-2: SINGLE (Groundball, 6MS) (infield hit)
Alberto Garza to third
Cliff Aldridge to second
Batting: RHB Jeffery Campbell 0-0: Called Strike
0-1: Ball
1-1: Ball
2-1: Fly out, F7 (Flyball, 7D)
Bottom of the 8th over - 2 runs, 3 hits, 0 errors, 3 left on base; Hamilton 3 - Tortolita 6
TOP OF THE 9TH
Hamilton Coyotes batting - Pitching for Tortolita Drummers : RHP José Morales
Batting: RHB Jim Scott 0-0: Ground out 5-3 (Groundball, 56S)
Batting: LHB Ed Mellor 0-0: Ball
1-0: Swinging Strike
1-1: Ball
2-1: Ball
3-1: Base on Balls
Batting: RHB Mike Jennings 0-0: Ball
1-0: Ball
2-0: Fly out, F6 (Popup, 4MS)
Batting: LHB Scot Willis 0-0: Swinging Strike
0-1: Called Strike
0-2: Strikes out swinging
Top of the 9th over - 0 runs, 0 hits, 0 errors, 1 left on base; Hamilton 3 - Tortolita 6
Saturday, December 22nd, 2018 - OOTP Baseball 18.8 Build 76